 Dungeon Crawl Stone Soup version 0.21.1-1-g345015f (webtiles) character file.

830 goulibeur the Schismatic (level 7, -12/56 HPs)
             Began as a Demonspawn Abyssal Knight on June 14, 2018.
             Was an Elder of Lugonu.
             Killed by divine providence
             ... invoked by an orc priest
              (13 damage)
             ... on level 4 of the Dungeon on June 15, 2018.
             The game lasted 00:24:12 (4773 turns).

goulibeur the Schismatic (DsAK)                     Turns: 4773, Time: 00:24:14

Health: -12/56     AC:  9    Str: 17    XL:     7   Next: 65%
Magic:  12/12      EV: 12    Int: 13    God:    Lugonu [****..]
Gold:   144        SH:  5    Dex: 15    Spells: 6/6 levels left

rFire    . . .     SeeInvis .   z - +2 trident of Sine {pierce, Str+5}
rCold    . . .     Gourm    .   g - +0 buckler
rNeg     . . .     Faith    .   i - +0 ring mail
rPois    .         Spirit   .   (no helmet)
rElec    .         Reflect  .   (no cloak)
rCorr    .         Harm     .   r - +0 pair of gloves
MR       +....                  (no boots)
Stlth    +.........             (no amulet)
HPRegen  0.18/turn              d - ring of protection from magic
MPRegen  0.13/turn              (no ring)

@: no status effects
A: talons 1, molten scales 2, powered by death 1
a: Depart the Abyss, Bend Space, Banish, Corrupt, Renounce Religion


You were on level 4 of the Dungeon.
You worshipped Lugonu.
Lugonu was greatly pleased with you.
You were not hungry.

You visited 1 branch of the dungeon, and saw 4 of its levels.
You visited the Abyss 1 time.

You collected 144 gold pieces.

Inventory:

Hand Weapons
 a - a +1 short sword
 n - a +2 spear of piercing
 z - the +2 trident of Sine (weapon) {pierce, Str+5}
   (You found it on level 4 of the Dungeon)

   It inflicts extra damage upon your enemies.
   It affects your strength (+5).
Armour
 b - a +0 leather armour
 g - a +0 buckler (worn)
 i - a +0 ring mail (worn)
 r - a +0 pair of gloves (worn)
Jewellery
 d - a ring of protection from magic (left hand)
 u - an uncursed ring of fire {unknown}
Wands
 q - a wand of paralysis (13)
 s - a wand of iceblast (5)
Scrolls
 f - 2 scrolls of teleportation {unknown}
 h - 4 scrolls of identify {unknown}
 j - 3 scrolls of enchant weapon {unknown}
 k - a scroll of amnesia {unknown}
 m - 6 scrolls of remove curse {unknown}
 p - a scroll of noise {unknown}
 y - a scroll of fog {unknown}
Potions
 e - a potion of resistance {unknown}
 l - a potion of mutation {unknown}
 t - a potion of ambrosia {unknown}
 v - 2 potions of curing {unknown}
 w - a potion of agility {unknown}
 x - a potion of heal wounds {unknown}
 A - a potion of might {unknown}
Comestibles
 c - 16 rations
 o - 15 chunks of flesh


   Skills:
 + Level 5.0 Fighting
 - Level 1.7 Short Blades
 + Level 3.3 Armour
 + Level 3.0 Dodging
 - Level 0.2 Stealth
 + Level 2.8 Shields
 * Level 6.9 Invocations


You had 6 spell levels left.
You didn't know any spells.

Dungeon Overview and Level Annotations

Branches:
Dungeon (4/15)
 Temple: D:4-7

Altars:
Ashenzari
Vehumet


Innate Abilities, Weirdness & Mutations

You have sharp toenails.
You are mostly covered in molten scales. (AC +3)
You regenerate a little health from kills.


Message History

You puncture the orc!
You kill the orc!
Lugonu accepts your kill.
The gnoll hits you from afar with a spear!
* * * LOW HITPOINT WARNING * * *
The gnoll hits you but does no damage.
The gnoll hits you from afar with a spear.
* * * LOW HITPOINT WARNING * * *
You completely miss the orc priest. The orc priest hits you.
* * * LOW HITPOINT WARNING * * *
The gnoll hits you but does no damage.
The orc priest looks braver for a moment.
There is an open door here.
The orc priest invokes the aid of Beogh against you.
Beogh smites you!
* * * LOW HITPOINT WARNING * * *
There is an open door here.
The orc priest mumbles some strange prayers to Beogh against you.
Beogh smites you!
You die...

............................
#.....####.....####.......#.
#.#####..####..#..#+###...#
..'...'.(#(.####.)#..)#...# ....
..#...#())(.'..#รท)#...#...# ....
..###########..#'##...#...# ..o.
....#.)'.....(....(...#...# ....
....#..#....#)##..#...#...# ....
..######.##'#(.#@######...# ....
..#...#..#..#..#.'...#....###....
..(...'..#..####.#..ogg.....)....
..#'###.#####..#.#####...####....
..#(.#..#...#..)..'(.#...# ?...
..+.)#(.#)..#..#..#..#...# .###
..##'##()...####..#'###..# .#
...#..#.#####.....#[..#..# .#
...#..#).......##)#...'..# .#


You could see an orc priest and 2 gnolls.

Vanquished Creatures
  The ghost of kae the Insei, a novice OpTm (D:4)
  An ogre (D:4)
  An orc wizard (D:3)
  2 worker ants (D:4)
  Robin (D:2)
  6 gnolls (D:4)
  7 adders
  An adder skeleton (D:4)
  2 worms
  3 dart slugs
  3 leopard geckos
  16 orcs
  12 giant cockroaches
  34 goblins
  12 hobgoblins
  2 quokkas
  2 ball pythons
  10 bats
  5 frilled lizards
  22 kobolds
  A quokka skeleton (D:4)
  15 rats
159 creatures vanquished.

Notes
Turn   | Place    | Note
-------+----------+-------------------------------------------
     0 | Abyss:1  | goulibeur the Demonspawn Abyssal Knight began the quest for the Orb.
     0 | Abyss:1  | Reached XP level 1. HP: 18/18 MP: 2/2
    56 | Abyss:1  | Noticed a thrashing horror
    56 | D:1      | Escaped the Abyss
    77 | D:1      | Reached * piety under Lugonu
   263 | D:1      | Gained mutation: You are partially covered in molten scales. (AC +2) [demonic ancestry]
   263 | D:1      | Reached XP level 2. HP: 23/24 MP: 3/3
   500 | D:1      | Reached skill level 1 in Dodging
   739 | D:1      | Reached XP level 3. HP: 30/30 MP: 5/5
   813 | D:1      | Reached ** piety under Lugonu
   814 | D:1      | Reached skill level 3 in Invocations
  1026 | D:2      | Noticed Robin
  1083 | D:2      | Killed Robin
  1146 | D:2      | Found a shattered altar of Ashenzari.
  1434 | D:2      | Found a radiant altar of Vehumet.
  1471 | D:2      | Gained mutation: You are mostly covered in molten scales. (AC +3) [demonic ancestry]
  1471 | D:2      | Reached XP level 4. HP: 31/37 MP: 6/6
  2053 | D:2      | Reached skill level 1 in Shields
  2202 | D:2      | Reached *** piety under Lugonu
  2327 | D:2      | Reached skill level 4 in Invocations
  2673 | D:3      | Gained mutation: You have sharp toenails. [demonic ancestry]
  2673 | D:3      | Reached XP level 5. HP: 36/42 MP: 8/8
  3239 | D:4      | Noticed kae's ghost (novice OpTm)
  3255 | D:4      | Killed kae's ghost
  3255 | D:4      | Reached skill level 6 in Invocations
  3255 | D:4      | Reached XP level 6. HP: 14/49 MP: 8/10
  3255 | D:4      | Gained mutation: You regenerate a little health from kills. [demonic ancestry]
  3255 | D:4      | Reached XP level 7. HP: 16/55 MP: 8/11
  3467 | D:4      | Reached **** piety under Lugonu
  4644 | D:4      | Got a warped trident
  4648 | D:4      | Identified the +2 trident of Sine {pierce, Str+5} (You found it on level 4 of the Dungeon)
  4757 | D:4      | Reached skill level 5 in Fighting
  4771 | D:4      | HP: 1/56 [orc priest/divine providence (8)]
  4773 | D:4      | Killed from afar by an orc priest

Skill      XL: |  1  2  3  4  5  6  7 |
---------------+----------------------+-----
Dodging        | 1 2 3 |  3.0
Invocations    | 3 4 6 |  6.9
Armour         | 2 3 |  3.3
Shields        | 1 2 |  2.8
Fighting       | 4 5 |  5.0
Short Blades   | |  1.7
Stealth        | |  0.2

Action                   |  1- 3 |  4- 6 |  7- 9 || total
-------------------------+-------+-------+-------++-------
Melee: Short sword       |   159 |    50 |       ||   209
       Spear             |       |   161 |   107 ||   268
       Kick              |       |    18 |    37 ||    55
       Trident           |       |       |    23 ||    23
Invok: Depart the Abyss  |     1 |       |       ||     1
  Eat: Chunk             |     2 |     6 |     2 ||    10
       Ration            |       |       |     1 ||     1
Armor: Leather armour    |    15 |       |       ||    15
       Ring mail         |    46 |   105 |    35 ||   186
Dodge: Dodged            |    75 |    94 |    70 ||   239
Block: Buckler           |    14 |    30 |    23 ||    67
